 Dungeon Crawl Stone Soup version 0.29-a0-284-gf9362112df (webtiles) character file.

Game seed: 15054154576432720723

108 bande the Skirmisher (level 4, -11/29 HPs)
             Began as a Gargoyle Fighter on Mar 26, 2022.
             Mangled by Crazy Yiuf
             ... wielding a +4 quarterstaff of chaos
              (13 damage)
             ... on level 3 of the Dungeon.
             The game lasted 00:04:39 (2543 turns).

bande the Skirmisher (Gargoyle Fighter)             Turns: 2543, Time: 00:04:39

Health: -11/29     AC: 15    Str: 20    XL:     4   Next: 87%
Magic:  0/4        EV:  5    Int:  8    God:
Gold:   46         SH:  5    Dex: 11    Spells: 3/3 levels left

rFire   . . .      SeeInvis .   e - +0 hand axe (venom)
rCold   . . .      Faith    .   c - +1 buckler
rNeg    + . .      Spirit   .   g - +0 plate armour
rPois   ∞          Reflect  .   (no helmet)
rElec   +          Harm     .   (no cloak)
rCorr   .          Rampage  .   (no gloves)
Will    .....                   (no boots)
Stlth   ..........              (no amulet)
HPRegen 0.09/turn               (no ring)
MPRegen 0.09/turn               (no ring)

@: studying Armour
A: sickness immunity, AC +3, negative energy resistance 1, electricity
resistance, torment resistance 1, petrification resistance
a: no special abilities


You were on level 3 of the Dungeon.
You visited 1 branch of the dungeon, and saw 3 of its levels.

You collected 184 gold pieces.
You spent 138 gold pieces at shops.

Inventory:

Hand Weapons
 a - a +0 war axe
 e - a +0 hand axe of venom (weapon)
Armour
 c - a +1 buckler (worn)
 g - a +0 plate armour (worn)
Scrolls
 b - a scroll of teleportation
 j - a scroll of amnesia {unknown}
 k - a scroll of identify
Potions
 d - a potion of might
 f - a potion of haste
 h - a potion of berserk rage
 i - a potion of magic


   Skills:
 + Level 4.0 Fighting
 + Level 3.3 Axes
 + Level 3.8 Armour
 + Level 3.7 Shields


You had 3 spell levels left.
You didn't know any spells.
Your spell library contained the following spells:

 Spells                   Type           Power      Damage    Failure   Level
 Freeze                   Ice            0%         1d3       100%        1
 Corpse Rot               Necr/Air       0%         N/A       100%        2
 Poisonous Vapours        Pois/Air       0%         N/A       100%        2
 Frozen Ramparts          Ice            0%         1d2       100%        3
 Ozocubu's Armour         Ice            0%         N/A       100%        3
 Hailstorm                Conj/Ice       0%         3d3       100%        4
 Ozocubu's Refrigeration  Ice            0%         4d5       100%        7


Dungeon Overview and Level Annotations

Branches:
Dungeon (3/15)

Altars:

Shops:
D:3 (

Annotations:
D:3 Crazy Yiuf


Innate Abilities, Weirdness & Mutations

You are immune to sickness and miasma.
Your stone body is resilient. (AC +3)
You are immune to poison.
You resist negative energy. (rN+)
You are resistant to electric shocks. (rElec)
You are resistant to unholy torment.
You are immune to petrification.


Message History

You see here a +0 club.
You now have 21 gold pieces (gained 9).
Found a robe.
Found a stone staircase leading up.
There is a stone staircase leading up here.
You see here a +0 robe.
You see here a +0 ring mail.
You now have 38 gold pieces (gained 17).
You now have 46 gold pieces (gained 8).
Key pressed, stopping explore.
No target in view!
No target in view!
No target in view!
No target in view!
No target in view!
There is a shaft here.
You see here 19 stones.
Crazy Yiuf shouts!
Crazy Yiuf says, "Cards shrimp horse!"
Could not explore, unopened runed door.
You open the door. You hit Crazy Yiuf.
Crazy Yiuf is poisoned.
Crazy Yiuf is moderately wounded.
Crazy Yiuf closely misses you. Crazy Yiuf hits you but does no damage.
You barely miss Crazy Yiuf.
Crazy Yiuf is moderately wounded.
Crazy Yiuf hits you with a +4 quarterstaff of chaos!
You barely miss Crazy Yiuf.
Crazy Yiuf is moderately wounded.
Crazy Yiuf hits you with a +4 quarterstaff of chaos!
Crazy Yiuf freezes you.
* * * LOW HITPOINT WARNING * * *
You barely miss Crazy Yiuf.
Crazy Yiuf is heavily wounded.
Crazy Yiuf hits you with a +4 quarterstaff of chaos.
* * * LOW HITPOINT WARNING * * *
You feel your power leaking away.
You closely miss Crazy Yiuf.
Crazy Yiuf is heavily wounded.
Crazy Yiuf hits you with a +4 quarterstaff of chaos!
You die...

#.# #.# #.# #.# #.# #.####♣♣♣♣♣
#.##....♣.♣♣♣ ###
#####.#......♣..♣#...#
............♣♣♣♣@g...#
....#.#....♣♣ ♣♣#..)#
###.#.####♣♣ ### #.#.# #.#.###
########
###.#...################......#
......................>.......#
###.#...........###.#.........#
#.#.#######.#.# #.#.........#


You could see Crazy Yiuf (very poisoned).

Vanquished Creatures
  3 adders
  3 worms
  2 dart slugs (D:2)
  An orc (D:3)
  3 endoplasms
  3 giant cockroaches
  8 goblins
  6 hobgoblins
  2 jackals (D:3)
  8 kobolds
  5 quokkas
  7 ball pythons
  4 bats
  2 frilled lizards
  6 rats
63 creatures vanquished.

Notes
Turn   | Place    | Note
-------+----------+-------------------------------------------
     0 | D:1      | bande the Gargoyle Fighter began the quest for the Orb.
     0 | D:1      | Reached XP level 1. HP: 14/14 MP: 1/1
   100 | D:1      | Reached XP level 2. HP: 17/19 MP: 2/2
   411 | D:1      | Found a faded altar of an unknown god.
   452 | D:1      | Reached XP level 3. HP: 24/24 MP: 3/3
  1321 | D:2      | Reached XP level 4. HP: 29/29 MP: 4/4
  1758 | D:3      | Reached skill level 4 in Fighting
  1956 | D:3      | Identified a scroll of acquirement
  1956 | D:3      | Acquired a manual of Armour
  1965 | D:3      | Found Luytuug's Antique Weapon Shoppe.
  1990 | D:3      | Bought a glowing hand axe for 138 gold pieces
  2185 | D:3      | Found a runed translucent door.
  2186 | D:3      | Noticed Crazy Yiuf
  2543 | D:3      | Mangled by Crazy Yiuf

Illustrated notes

Levels and vault maps discovered:
D:1:      ebering_trefoil_3fold, layout_rooms, hellmonk_ecumenical_altar_zigzags
D:2:      layout_basic
D:3:      layout_basic, serial_shops, shop, uniq_crazy_yiuf_cottage

Skill      XL: |  1  2  3  4 |
---------------+-------------+-----
Axes           | 2 3 |  3.3
Fighting       | 4 |  4.0
Armour         | |  3.8
Shields        | |  3.7

Action                   |  1- 3 |  4- 6 || total
-------------------------+-------+-------++-------
Melee: War axe           |    99 |    89 ||   188
       Hand axe          |       |    12 ||    12
  Use: Scroll            |     6 |     6 ||    12
Armor: Scale mail        |    69 |     7 ||    76
       Plate armour      |       |    67 ||    67
Dodge: Dodged            |    71 |    37 ||   108
Block: Buckler           |    25 |    17 ||    42

Table legend: (Time is in decaauts)
 A = Elapsed time spent in this place.
 B = Non-inter-level travel time spent in this place.
 C = Inter-level travel time spent in this place.
 D = Time resting spent in this place.
 E = Time spent auto-exploring this place.
 F = Levels seen in this place.
 G = Mean time per level.
                   A        B        C        D        E       F      G
               +--------+--------+--------+--------+--------+-----+--------+
         Total |   2620 |   2542 |     78 |    364 |   1635 |   3 |  873.3 |
       Dungeon |   2620 |   2542 |     78 |    364 |   1635 |   3 |  873.3 |
               +--------+--------+--------+--------+--------+-----+--------+

Top non-repeatable levels by time:
     D:3: 1092 daAuts
     D:2: 897 daAuts
     D:1: 631 daAuts
